 Dungeon Crawl Stone Soup version 0.15.2 (webtiles) character file.

109 MistressOfTheSands the Insei (level 4, 0/35 HPs)
             Began as a Mummy Monk on Nov 9, 2015.
             Slain by a gnoll
             ... wielding a +0 whip
              (4 damage)
             ... on Level 2 of the Dungeon.
             The game lasted 00:03:21 (2323 turns).

MistressOfTheSands the Insei (Mummy Monk)           Turns: 2323, Time: 00:03:21

HP   0/35        AC  3     Str 14      XL: 4   Next: 60%
MP   4/4         EV 13     Int  9      God:
Gold 128         SH  0     Dex 15      Spells:  0 memorised,  3 levels left

rFire  x . .     SeeInvis .       - Unarmed
rCold  + . .     Clarity  .     a - +0 robe
rNeg   + + +     rCorr    .     (no shield)
rPois  +         rRot     +     (no helmet)
rElec  .         Spirit   .     (no cloak)
SustAb .         Warding  .     b - +0 pair of gloves
rMut   .         Stasis   .     (no boots)
Gourm  .                        (no amulet)
MR     .....                    (no ring)
                                (no ring)

@: not resistant to hostile enchantments, unstealthy
A: no food or potions, fire vulnerability, restore body, cold resistance 1,
negative energy resistance 3, poison resistance, torment resistance, unbreathing
a: no special abilities


You were on level 2 of the Dungeon.
You were not hungry.

You visited 1 branch of the dungeon, and saw 3 of its levels.

You collected 128 gold pieces.


Innate Abilities, Weirdness & Mutations

You do not eat or drink.
Your flesh is vulnerable to fire.
Your flesh is cold resistant.
You are immune to negative energy.
Your system is resistant to poisons.
You are immune to unholy pain and torment.
You can survive without breathing.


   Skills:
 - Level 3.0 Fighting
 - Level 2.4 Dodging
 - Level 1.5 Stealth
 + Level 5.0 Unarmed Combat


You had 3 spell levels left.
You didn't know any spells.

Inventory:

Armour
 a - a +0 robe (worn)
 b - a +0 pair of gloves (worn)
Scrolls
 c - a scroll of identify {unknown}
 d - 2 scrolls of noise {unknown}
 e - a scroll of random uselessness {unknown}
 f - a scroll of fog {unknown}
 g - a scroll of amnesia {unknown}

Dungeon Overview and Level Annotations

Branches:
Dungeon (3/15)

Altars:
Okawaru

#.......##########
#........#........
#..........######.
#.................
#########........#########
#.....#.S..<.%...>##
#.......#..........#
#......###g........##
#........M..........###
#.....................##
#......................#
#...%...##.........##..# # #
#..................##..###
########..#....#..........##..##.
...##>..!##................#..###
.................................
......###...<.>..................


You could see a gnoll.


Message History

You start resting.
A ball python comes up the stairs.
You climb downwards.
The gnoll hits you with a whip. The gnoll barely misses you.
There is a stone staircase leading up here.
You see here a club.
You hit the gnoll but do no damage. The gnoll hits you with a whip!
The gnoll hits you but does no damage.
You hit the gnoll but do no damage. The gnoll closely misses you.
The gnoll hits you from afar with a spear.
You hit the gnoll.
The gnoll is lightly wounded.
The gnoll barely misses you.
You closely miss the gnoll.
The gnoll is lightly wounded.
The gnoll misses you. The gnoll barely misses you.
The gnoll hits you from afar with a spear.
* * * LOW HITPOINT WARNING * * *
The gnoll hits you with a whip!
* * * LOW HITPOINT WARNING * * *
You climb upwards.
There is a stone staircase leading down here.
You are too injured to fight recklessly!
You are too injured to fight recklessly!
You are too injured to fight recklessly!
The gnoll hits you with a whip.
* * * LOW HITPOINT WARNING * * *
There is a stone staircase leading up here.
The gnoll hits you with a whip.
You die...

Action                   |  1- 3 |  4- 6 || total
-------------------------+-------+-------++-------
Melee: Unarmed           |   140 |    52 ||   192
 Stab: Sleeping          |     2 |     1 ||     3

Vault maps used:
D:1:      dpeg_arrival_renting
D:2:      okawaru_ov_weapons_minmay

Notes
Turn   | Place    | Note
--------------------------------------------------------------
     0 | D:1      | MistressOfTheSands, the Mummy Monk, began the quest for the Orb.
     0 | D:1      | Reached XP level 1. HP: 18/18 MP: 1/1
   500 | D:1      | Reached XP level 2. HP: 24/24 MP: 2/2
   897 | D:2      | Reached skill level 4 in Unarmed Combat
  1106 | D:2      | Reached XP level 3. HP: 24/29 MP: 3/3
  1423 | D:2      | Found an iron altar of Okawaru.
  1532 | D:2      | Reached XP level 4. HP: 18/35 MP: 4/4
  2099 | D:3      | Reached skill level 5 in Unarmed Combat
  2310 | D:2      | HP: 3/35 [gnoll/whip (4)]
  2323 | D:2      | Slain by a gnoll

Vanquished Creatures
  A gnoll (D:3)
  6 adders
  A giant mite (D:2)
  2 giant geckos
  7 bats
  3 goblins
  5 hobgoblins
  3 ball pythons
  2 giant cockroaches
  5 giant newts
  2 kobolds (D:2)
  4 rats
41 creatures vanquished.
